[Event "S. A. Group BAN-chT 2018"]
[Site "Dhaka"]
[Date "2018.12.08"]
[Round "3"]
[White "Uten"]
[Black "Mohammed, Mainuddin"]
[Result "1-0"]
[ECO "E14"]
[WhiteElo "2114"]
[BlackElo "1950"]
[Annotator "NA"]
[PlyCount "85"]
[EventDate "2018.12.07"]
[EventType "team-tourn"]
[EventCountry "BAN"]
[SourceTitle "playchess.com"]
[Source "ChessBase"]
[SourceQuality "1"]
[TimeControl "5400+30"]

1. d4 d5 2. Nf3 Nf6 3. c4 e6 4. e3 Be7 5. Nc3 O-O 6. Bd3 b6 7. e4 dxe4 8. Nxe4 Bb7 9. Qc2 Nbd7 10. O-O Nxe4 11. Bxe4 Bxe4 12. Qxe4 Nf6 {[%emt 0:00:30] E14: Queen's Indian: Classical Variation (4 e3)} (12... c5 13. Bf4 cxd4 14. Nxd4 Nf6 15. Qd3 Qc8 16. Rad1 Qc5 17. b4 Qh5 18. Nc6 Rfe8 19. h3 Rac8 20. b5 {1-0 (36) Slobodjan,R (2555)-Votava,J (2540) Germany 2009}) 13. Qe2 c5 14. Rd1 cxd4 15. Nxd4 Qc7 16. b3 Rad8 17. Bb2 Qb7 $146 ({Predecessor:} 17... a6 18. Rd3 g6 19. Re1 Nh5 20. g3 {½-½ (58) Forman,S (2278)-Postupa,M (2125) Czech Republic 2016}) 18. Rd3 Rd7 19. Rad1 Rfd8 20. Nb5 Rxd3 21. Rxd3 $11 Rxd3 22. Qxd3 Ne8 23. Be5 h6 24. h3 a6 25. Nc7 Qc8 26. Nxe8 Qxe8 27. Qg3 Bf8 28. Bd4 Qd8 29. Qe3 b5 30. c5 Qd5 31. Qc3 e5 32. Be3 e4 33. Qd4 Qc6 34. Qd8 f6 35. b4 Kf7 36. Qb6 Qc8 37. Bf4 Ke8 38. a3 Kd7 39. g4 Qc6 40. Qa7+ Ke6 41. Qb8 Be7 42. Qg8+ Kd7 43. Qxg7 1-0

[Event "S. A. Group BAN-chT 2018"]
[Site "Dhaka"]
[Date "2018.12.08"]
[Round "3"]
[White "Hasan Md, Emam"]
[Black "Anisuzzaman, Jewel"]
[Result "0-1"]
[ECO "B07"]
[WhiteElo "2076"]
[BlackElo "1902"]
[Annotator "NA"]
[PlyCount "58"]
[EventDate "2018.12.07"]
[EventType "team-tourn"]
[EventCountry "BAN"]
[SourceTitle "playchess.com"]
[Source "ChessBase"]
[SourceQuality "1"]
[TimeControl "5400+30"]

1. e4 d6 2. d4 Nf6 3. Nc3 g6 4. Be3 a6 5. Qd2 b5 6. f3 Nbd7 7. a4 b4 8. Na2 a5 9. c3 c5 10. dxc5 dxc5 11. Rd1 e6 $11 12. Nc1 Be7 13. Nb3 Qc7 14. cxb4 axb4 15. Rc1 O-O 16. a5 Qa7 17. Qf2 Ba6 18. Nxc5 Nxc5 19. Bxc5 Bxc5 20. Rxc5 Bxf1 21. Kxf1 Rfd8 22. g3 Nd7 23. Rb5 Qc7 24. Ne2 Qc4 25. Rb7 Rxa5 26. Kg2 Ne5 27. Rc1 Qa6 28. Rb6 Qa7 29. Rxb4 Qxf2+ 0-1

[Event "S. A. Group BAN-chT 2018"]
[Site "Dhaka"]
[Date "2018.12.08"]
[Round "3"]
[White "Hamid, Rani"]
[Black "Sai Agni Jeevitesh, J."]
[Result "1/2-1/2"]
[ECO "C11"]
[WhiteElo "1932"]
[BlackElo "2336"]
[Annotator "NA"]
[PlyCount "136"]
[EventDate "2018.12.07"]
[EventType "team-tourn"]
[EventCountry "BAN"]
[SourceTitle "playchess.com"]
[Source "ChessBase"]
[SourceQuality "1"]
[TimeControl "5400+30"]

1. e4 e6 2. d4 d5 3. Nc3 Nf6 4. e5 Nfd7 5. f4 c5 6. Nf3 Be7 {[%emt 0:00:30] C11: French: Classical System: 4 e5 and 4 Bg5 dxe4} (6... Nc6 7. Be3 Qb6 8. Na4 Qa5+ 9. c3 b6 10. Bd2 c4 11. b4 Qa6 12. Be2 Be7 13. O-O f5 14. Qc2 O-O 15. Kh1 Qb7 16. Rg1 Rf7 17. g4 b5 18. gxf5 Rxf5 19. Nc5 Nxc5 20. bxc5 {0-1 (57) Karjakin,S (2773)-Duda,J (2737) chess.com INT 2018}) 7. Be3 b6 8. Be2 O-O 9. O-O Nc6 10. a3 Bb7 11. Qe1 f5 $146 ({Predecessor:} 11... f6 12. exf6 Bxf6 13. Rd1 Qe7 14. Qf2 Rae8 15. Rfe1 cxd4 16. Nxd4 Nxd4 17. Bxd4 {0-1 (56) Dorst,J (2253)-Karabalis,H (2283) Germany 2015}) 12. Qg3 cxd4 13. Nxd4 Nxd4 14. Bxd4 Qc8 15. Rad1 (15. b4 $14) 15... Ba6 16. Rd2 Bxe2 17. Nxe2 Nc5 18. Bxc5 Bxc5+ 19. Kh1 b5 20. Qd3 Qc6 21. Rf3 Rfc8 22. Rh3 g6 23. Qf3 a5 24. Rg3 b4 25. h4 bxa3 26. bxa3 Ra7 27. h5 Rg7 28. Rd3 Rcc7 29. Rb3 Ba7 $11 30. Rc3 Qb6 31. Kh2 Rxc3 32. Qxc3 Rc7 33. Qf3 Qf2 34. Qd3 Rc4 35. hxg6 Rxf4 36. gxh7+ Kh8 37. Rh3 Rg4 38. Qf3 Qxf3 39. gxf3 Rc4 40. c3 Bb8 41. f4 Re4 42. Nd4 Rxf4 43. Nc6 Bc7 44. Rh6 Rg4 45. Rxe6 Bb6 46. Ne7 Bg1+ 47. Kh1 d4 48. cxd4 Bxd4 49. Nxf5 Kxh7 50. Rh6+ Kg8 51. e6 Bc5 52. Rh5 Rg1+ 53. Kh2 Re1 54. Nh6+ Kg7 55. Rxc5 Kxh6 56. Rxa5 Rxe6 57. Kg3 Kg6 58. Kf4 Kf7 59. Kf5 Re1 60. a4 Ke7 61. Rd5 Rf1+ 62. Ke4 Re1+ 63. Kf3 Ke6 64. Rd4 Ke5 65. Rh4 Kd5 66. Rh6 Kc5 67. Kf2 Re4 68. a5 Kb5 1/2-1/2

[Event "S. A. Group BAN-chT 2018"]
[Site "Dhaka"]
[Date "2018.12.08"]
[Round "3"]
[White "Sourath Biswas"]
[Black "Zia, Tahsin Tajwar"]
[Result "1/2-1/2"]
[ECO "E62"]
[WhiteElo "1881"]
[BlackElo "1925"]
[Annotator "NA"]
[PlyCount "59"]
[EventDate "2018.12.07"]
[EventType "team-tourn"]
[EventCountry "BAN"]
[SourceTitle "playchess.com"]
[Source "ChessBase"]
[SourceQuality "1"]
[TimeControl "5400+30"]

1. d4 Nf6 2. c4 g6 3. g3 Bg7 4. Bg2 O-O 5. Nc3 d6 6. Nf3 c6 7. O-O Bf5 8. b3 Ne4 9. Bb2 Nxc3 10. Bxc3 Be4 11. Ne1 {[%emt 0:02:01] E62: King's Indian: Fianchetto: 6...c6 and Panno Variation (6...Nc6) without ...a6} Bxg2 12. Nxg2 c5 $146 ({Predecessor:} 12... d5 13. Qd3 e6 14. e4 dxe4 15. Qxe4 Nd7 16. Rfd1 Qb6 17. Ne3 Rfe8 18. Rac1 Rac8 {½-½ (18) Krasenkow,M (2615)-Khalifman,A (2650) Vilnius 1997}) 13. Rc1 Nc6 14. dxc5 dxc5 15. Bxg7 Kxg7 16. Nf4 e6 17. Nd3 b6 18. Qc2 Nd4 19. Qb2 Qf6 20. Kg2 Nc6 $11 21. Qxf6+ Kxf6 22. Rfd1 Rfd8 23. Nf4 Rxd1 24. Rxd1 Rd8 25. Rxd8 Nxd8 26. Kf3 Ke5 27. e3 Nc6 28. Nd3+ Kd6 29. g4 f6 30. Ke4 {[%emt 1:09:30] Ke5+} 1/2-1/2

[Event "S. A. Group BAN-chT 2018"]
[Site "Dhaka"]
[Date "2018.12.09"]
[Round "4"]
[White "Sidhant, Mohapatra"]
[Black "Mohammed Abdul, Malek"]
[Result "0-1"]
[ECO "D13"]
[WhiteElo "2343"]
[BlackElo "2208"]
[Annotator "NA"]
[PlyCount "80"]
[EventDate "2018.12.07"]
[EventType "team-tourn"]
[EventCountry "BAN"]
[SourceTitle "playchess.com"]
[Source "ChessBase"]
[SourceQuality "1"]
[TimeControl "5400+30"]

1. Nf3 d5 2. g3 c5 3. Bg2 Nc6 4. d4 Nf6 5. c3 e6 6. O-O cxd4 7. cxd4 Bd6 8. Nc3 O-O 9. a3 a6 10. Re1 h6 11. Qc2 Bd7 12. e4 dxe4 $11 13. Nxe4 Be7 14. Nc5 Rc8 15. b4 b6 16. Nxd7 Nxd4 17. Nxf6+ Bxf6 18. Qb1 Rxc1 19. Rxc1 Ne2+ 20. Kh1 Nxc1 21. Qxc1 Bxa1 22. Qxa1 Qd3 23. h4 Rd8 24. Qb2 Rc8 25. Kh2 Rc2 26. Qb1 Qc3 27. Qd1 Rxf2 28. Kh3 Qc2 29. Qxc2 Rxc2 30. Ne5 Ra2 31. Nc4 b5 32. Na5 Rxa3 33. Bb7 Ra4 34. Nc6 Kf8 35. Kg4 a5 36. Nxa5 Rxb4+ 37. Kf3 Ra4 38. Nc6 b4 39. Ke2 b3 40. Kd3 Rc4 {[%emt 0:03:33] Kd4 [%clk 0:00:00]} 0-1

[Event "S. A. Group BAN-chT 2018"]
[Site "Dhaka"]
[Date "2018.12.09"]
[Round "4"]
[White "Mohammad Minhaz Uddin"]
[Black "Patil, Pratik"]
[Result "1/2-1/2"]
[ECO "B83"]
[WhiteElo "2290"]
[BlackElo "2178"]
[Annotator "NA"]
[PlyCount "75"]
[EventDate "2018.12.07"]
[EventType "team-tourn"]
[EventCountry "BAN"]
[SourceTitle "playchess.com"]
[Source "ChessBase"]
[SourceQuality "1"]
[TimeControl "5400+30"]

1. e4 c5 2. Nf3 e6 3. d4 cxd4 4. Nxd4 Nc6 5. Nc3 Qc7 6. Be2 Nf6 7. O-O Be7 8. Be3 O-O 9. f4 d6 10. Kh1 Nxd4 11. Bxd4 e5 12. Be3 b6 13. fxe5 dxe5 14. Bg5 Bb7 15. Bxf6 Bxf6 16. Rf3 Bg5 17. Bd3 Rad8 18. Qf1 g6 19. Qe2 Kg7 20. Rff1 Qc5 21. Rad1 Qe3 22. Qg4 h5 23. Qf3 Qxf3 24. gxf3 Be3 25. b3 Bd4 26. Nb5 a6 27. Nc7 Rd7 28. Nxa6 Bxa6 29. Bxa6 Ra7 30. Bd3 Rxa2 31. f4 Rfa8 32. Kg2 Ra1 33. fxe5 Rxd1 34. Rxd1 Ra1 35. e6 fxe6 36. Rxa1 Bxa1 37. Kf3 Kf6 38. h3 1/2-1/2

[Event "S. A. Group BAN-chT 2018"]
[Site "Dhaka"]
[Date "2018.12.09"]
[Round "4"]
[White "Islam, Kh. Aminul"]
[Black "Subhayan Kundu"]
[Result "0-1"]
[ECO "A48"]
[WhiteElo "2253"]
[BlackElo "2185"]
[Annotator "NA"]
[PlyCount "124"]
[EventDate "2018.12.07"]
[EventType "team-tourn"]
[EventCountry "BAN"]
[SourceTitle "playchess.com"]
[Source "ChessBase"]
[SourceQuality "1"]
[TimeControl "5400+30"]

1. d4 c5 2. e3 Nf6 3. Nf3 g6 4. Be2 Bg7 5. O-O O-O 6. b3 b6 7. Bb2 Bb7 8. Nbd2 d6 9. Re1 Nbd7 10. c4 Re8 11. Qc2 e5 12. dxe5 dxe5 13. Red1 Qc7 14. Nf1 e4 15. Ne1 Ne5 16. Bc3 h5 17. Qd2 Nh7 18. Rac1 Ng5 19. Kh1 Nef3 20. Qb2 Ne5 21. Rd2 Qe7 22. Rcd1 Qf6 23. Bxe5 Rxe5 24. Kg1 Nh3+ 25. gxh3 Rg5+ 26. Ng3 Qxb2 27. Rxb2 Bxb2 28. Rd7 Rb8 29. Ng2 Re5 30. Nf4 h4 31. Nf1 Ree8 32. Nd5 Kf8 33. Nd2 Red8 34. Rxd8+ Rxd8 35. Nxe4 Bxd5 36. cxd5 Rxd5 37. Bc4 Rd1+ 38. Kg2 f6 39. a4 Ke7 40. Be2 Rd8 41. Bc4 Be5 42. f4 Bc7 43. Nc3 Rd2+ 44. Kg1 f5 45. Nd5+ Kd6 46. Nc3 Bd8 47. Nb5+ Kd7 48. Nxa7 g5 49. Nb5 gxf4 50. exf4 Bf6 51. Kh1 Bd4 52. Bf1 Be3 53. Nc3 Bxf4 54. Bc4 Kd6 55. Ne2 Ke5 56. Kg2 Ke4 57. Kf2 Be5 58. Bb5 Bd4+ 59. Ke1 Ke3 60. Kf1 f4 61. Nxd4 cxd4 62. b4 Rd1+ 0-1

[Event "S. A. Group BAN-chT 2018"]
[Site "Dhaka"]
[Date "2018.12.09"]
[Round "4"]
[White "Anata, Choudhury"]
[Black "Ahmed, Sk. Nasir"]
[Result "1/2-1/2"]
[ECO "B69"]
[WhiteElo "2169"]
[BlackElo "2119"]
[Annotator "NA"]
[PlyCount "45"]
[EventDate "2018.12.07"]
[EventType "team-tourn"]
[EventCountry "BAN"]
[SourceTitle "playchess.com"]
[Source "ChessBase"]
[SourceQuality "1"]
[TimeControl "5400+30"]

1. e4 c5 2. Nf3 d6 3. d4 cxd4 4. Nxd4 Nf6 5. Nc3 Nc6 6. Bg5 e6 7. Qd2 a6 8. O-O-O Bd7 9. f4 Be7 10. Nf3 b5 11. Bxf6 gxf6 12. f5 Qb6 13. Kb1 O-O-O 14. g3 Kb8 15. fxe6 fxe6 16. Bh3 Qc5 17. Ne2 Ne5 18. Nfd4 Nc4 19. Qc1 e5 20. Ne6 Bxe6 21. Bxe6 h5 22. Rd3 Bf8 23. Qe1 1/2-1/2

[Event "S. A. Group BAN-chT 2018"]
[Site "Dhaka"]
[Date "2018.12.09"]
[Round "4"]
[White "Hossain, Showkat Pollab"]
[Black "Abu Sufian, Shakil"]
[Result "1/2-1/2"]
[ECO "B18"]
[WhiteElo "2131"]
[BlackElo "2230"]
[Annotator "NA"]
[PlyCount "54"]
[EventDate "2018.12.07"]
[EventType "team-tourn"]
[EventCountry "BAN"]
[SourceTitle "playchess.com"]
[Source "ChessBase"]
[SourceQuality "1"]
[TimeControl "5400+30"]

1. e4 c6 2. d4 d5 3. Nc3 dxe4 4. Nxe4 Bf5 5. Ng3 Bg6 6. Bc4 e6 7. N1e2 Nf6 8. Nf4 Bd6 9. c3 Qc7 10. Qf3 Nd5 11. Nxg6 hxg6 12. h3 Nd7 13. Ne4 Be7 14. Bg5 N7f6 15. Nxf6+ gxf6 16. Bxd5 fxg5 17. Bb3 a5 18. Bc4 a4 19. Kf1 Ra5 20. Re1 Rf5 21. Qe2 Kf8 22. Bd3 Ra5 23. g3 Kg7 24. Kg2 Bf6 25. Qc2 Rd8 26. Re2 Qd6 27. Be4 Qc7 1/2-1/2

[Event "S. A. Group BAN-chT 2018"]
[Site "Dhaka"]
[Date "2018.12.09"]
[Round "4"]
[White "Uten"]
[Black "Hasan, Eunus"]
[Result "0-1"]
[ECO "B42"]
[WhiteElo "2114"]
[BlackElo "2154"]
[Annotator "NA"]
[PlyCount "85"]
[EventDate "2018.12.07"]
[EventType "team-tourn"]
[EventCountry "BAN"]
[SourceTitle "playchess.com"]
[Source "ChessBase"]
[SourceQuality "1"]
[TimeControl "5400+30"]

1. e4 c5 2. Nf3 e6 3. d4 cxd4 4. Nxd4 a6 5. Bd3 g6 6. O-O Bg7 7. c3 Ne7 8. Qe2 Nbc6 9. Be3 Ne5 10. Bc2 d5 11. Nd2 dxe4 12. Nxe4 O-O 13. Rad1 Nd5 14. Bg5 Qc7 15. Bb3 h6 16. Bc1 b5 17. Rfe1 Bb7 18. Bc2 Rac8 19. Ng3 Nc4 20. Qg4 e5 21. Ndf5 Nf4 22. Bxf4 exf4 23. Ne7+ Kh7 24. Nxg6 fxg3 25. hxg3 fxg6 26. Rd7 Qc6 27. Be4 Ne5 28. Bxc6 Nxg4 29. Bxb7 Rce8 30. Rb1 a5 31. f3 Ne3 32. Be4 b4 33. Re1 Nf5 34. Kf2 Rd8 35. Red1 Rxd7 36. Rxd7 bxc3 37. bxc3 Rb8 38. f4 h5 39. Kf3 Rb2 40. a4 Rb3 41. Rc7 Rxc3+ 42. Rxc3 Bxc3 43. g4 0-1

[Event "S. A. Group BAN-chT 2018"]
[Site "Dhaka"]
[Date "2018.12.10"]
[Round "5"]
[White "Mohammed Abdul, Malek"]
[Black "Saiful Islam, Chowdhury"]
[Result "1-0"]
[ECO "D30"]
[WhiteElo "2208"]
[BlackElo "2120"]
[Annotator "NA RC"]
[PlyCount "83"]
[EventDate "2018.12.07"]
[EventType "team-tourn"]
[EventCountry "BAN"]
[SourceTitle "playchess.com"]
[Source "ChessBase"]
[SourceQuality "1"]
[TimeControl "5400+30"]

1. d4 Nf6 2. Nf3 d5 3. c4 e6 4. e3 c6 5. Nbd2 Nbd7 6. Bd3 Bd6 7. O-O O-O 8. e4 {[%emt 0:06:20] LiveBook: 779 Games D30: Queen's Gambit Declined: Systems without Nc3} Nh5 $146 ({Predecessor:} 8... e5 $14 9. cxd5 cxd5 10. Re1 h6 11. exd5 exd4 12. Nc4 Nb6 13. Nxd6 Qxd6 14. Nxd4 Nbxd5 15. Bf1 Rd8 16. Nb5 Qb6 17. Qf3 Bd7 18. Nc3 Bc6 19. Nxd5 Rxd5 20. b3 Re5 21. Qc3 Ng4 22. Be3 Nxe3 23. Qxe5 {½-½ (23) Onischuk,A (2685)-Duda,J (2697) Khanty-Mansiysk 2017}) 9. e5 Be7 10. Re1 b6 (10... Nf4 $16 11. Bc2 Ng6) 11. cxd5 cxd5 12. Nf1 g6 13. g4 (13. Bh6 $18 {and White stays clearly on top.}) 13... Ng7 14. g5 Bb7 15. h4 a6 16. Ne3 b5 (16... a5 $16) 17. Ng4 Bb4 18. Bd2 Be7 19. Nf6+ Kh8 20. Kg2 Nf5 (20... h5 $142 21. gxh6 Nf5) 21. Bxf5 gxf5 22. Ng1 Bxf6 23. exf6 Rg8 24. Kh1 Rc8 25. Bf4 Qb6 26. Nf3 b4 27. Rg1 a5 28. Ne5 Nxe5 29. Bxe5 Qc6 30. h5 Rgd8 31. g6 Rd7 32. gxh7 Rdd8 33. Qd2 f4 34. Rac1 Qb5 35. Rxc8 Rxc8 36. Qxf4 Qd3 37. Rg8+ Rxg8 38. hxg8=Q+ Kxg8 39. Qg5+ Kf8 40. Qg7+ Ke8 41. Qg8+ $18 Kd7 42. Qxf7+ 1-0

[Event "S. A. Group BAN-chT 2018"]
[Site "Dhaka"]
[Date "2018.12.11"]
[Round "6"]
[White "Sai Agni Jeevitesh, J."]
[Black "Sourath Biswas"]
[Result "1-0"]
[ECO "E73"]
[WhiteElo "2336"]
[BlackElo "1881"]
[Annotator "NA"]
[PlyCount "63"]
[EventDate "2018.12.07"]
[EventType "team-tourn"]
[EventCountry "BAN"]
[SourceTitle "playchess.com"]
[Source "ChessBase"]
[SourceQuality "1"]
[TimeControl "5400+30"]

1. d4 Nf6 2. c4 g6 3. Nc3 Bg7 4. e4 d6 5. Be2 O-O 6. Be3 e5 7. d5 a5 8. g4 Ne8 {[%emt 0:00:30] E73: King's Indian: Averbakh Variation without 6...c5} (8... Na6 9. h4 Nc5 10. f3 h5 11. g5 Nh7 12. Kd2 Bd7 13. Nh3 c6 14. Nf2 cxd5 15. exd5 f5 16. gxf6 Nxf6 17. Bxc5 dxc5 {0-1 (37) Vallejo Pons,F (2705)-Radjabov,T (2741) Palma de Mallorca 2017}) 9. h4 f5 {[%emt 0:00:30] LiveBook: 3 Games} 10. gxf5 gxf5 11. exf5 Bxf5 12. Nf3 Na6 13. Rg1 Nb4 $146 ({Predecessor:} 13... Kh8 14. Ng5 Nc5 15. Bxc5 dxc5 16. Bd3 {0-1 (29) Shishkin,V (2512)-Niekras,D (2221) Krakow 2015}) 14. Rc1 e4 15. Ng5 (15. Nd4 $16) 15... h6 16. Ne6 Bxe6 17. dxe6 Qxh4 18. a3 Nd3+ 19. Bxd3 exd3 20. Qxd3 Rf6 21. Kd2 c6 22. Ne4 Rxe6 23. Ng3 Qf6 24. Rb1 Re5 25. f4 Re7 26. Nh5 Qf7 27. Rg6 d5 28. Nxg7 Nxg7 29. Rbg1 Qf8 30. Bd4 Qxf4+ 31. Kc3 Kf8 $18 32. Rf6+ 1-0

[Event "S. A. Group BAN-chT 2018"]
[Site "Dhaka"]
[Date "2018.12.11"]
[Round "6"]
[White "Anisuzzaman, Jewel"]
[Black "Hossain, Monir"]
[Result "0-1"]
[ECO "A05"]
[WhiteElo "1902"]
[BlackElo "2038"]
[Annotator "NA RC"]
[PlyCount "115"]
[EventDate "2018.12.07"]
[EventType "team-tourn"]
[EventCountry "BAN"]
[SourceTitle "playchess.com"]
[Source "ChessBase"]
[SourceQuality "1"]
[TimeControl "5400+30"]

1. Nf3 Nf6 2. g3 g6 3. b3 Bg7 4. Bb2 O-O 5. Bg2 d6 6. O-O {[%emt 0:00:09] A05: Réti Opening: 1 Nf3 Nf6} a5 (6... e5 7. c4 Re8 8. Nc3 e4 9. Nd4 c6 10. e3 Na6 11. d3 exd3 12. Qxd3 Nc5 13. Qc2 a5 14. a3 h5 15. h3 Bd7 16. b4 {1-0 (31) Karjakin,S (2782)-Mamedyarov,S (2808) Stavanger 2018}) 7. c4 Nc6 8. d3 Re8 $146 ({Predecessor:} 8... e5 9. Nbd2 h6 10. h3 Nh7 11. e4 Be6 12. Kh2 Qd7 13. a3 Rab8 14. Rb1 f5 15. exf5 gxf5 16. Nh4 Ne7 17. f4 {½-½ (17) Cernicek,D (2149)-Bogic,S (2286) Pancevo 2005}) 9. Nbd2 e5 10. Rc1 a4 11. a3 axb3 12. Qxb3 Nd7 13. Ne4 Qe7 14. e3 h6 15. Rfe1 Ra7 16. Qc2 Nb6 17. Nc3 Qd8 18. Nd2 Bf5 19. Nde4 Ra5 20. Nd5 Na4 21. Ba1 Bxe4 22. dxe4 Nc5 23. Bb2 Nb8 24. Red1 Ra7 25. Rb1 Nba6 26. Bc3 b6 27. Bh3 Ne6 28. Ra1 Ng5 29. Bg2 Nc5 30. f4 exf4 31. Bxg7 Kxg7 32. e5 f3 ({Not} 32... dxe5 33. exf4 exf4 {[#]} 34. Nxb6 $1 $11 ) 33. exd6 cxd6 $19 34. Qb2+ f6 35. Bf1 (35. Bh1 $17) 35... Na4 (35... Nge4 $19 {has better winning chances.} 36. Bh3 h5) 36. Qb4 Qd7 37. Nf4 Ne4 38. Bd3 Nac5 39. Bf1 g5 40. Bh3 g4 41. Bf1 Qc6 42. Rd5 Re5 43. Rb1 Ra6 44. Rbd1 Qa4 45. Rxd6 Qxb4 46. axb4 Nxd6 47. Rxd6 Ne4 48. Rd7+ Kf8 49. c5 b5 50. Ng6+ Kg8 51. Nxe5 fxe5 52. Bxb5 Ra1+ 53. Bf1 Rc1 54. b5 Ng5 55. h4 Nh3+ 56. Kh2 Rxf1 57. c6 f2 58. Rd1 0-1

[Event "S. A. Group BAN-chT 2018"]
[Site "Dhaka"]
[Date "2018.12.13"]
[Round "8"]
[White "Chowdhury, Sohel"]
[Black "Zia, Tahsin Tajwar"]
[Result "0-1"]
[ECO "B26"]
[WhiteElo "2012"]
[BlackElo "1925"]
[Annotator "NA"]
[PlyCount "40"]
[EventDate "2018.12.07"]
[EventType "team-tourn"]
[EventCountry "BAN"]
[SourceTitle "playchess.com"]
[Source "ChessBase"]
[SourceQuality "1"]
[TimeControl "5400+30"]

1. e4 c5 2. Nc3 Nc6 3. g3 g6 4. Bg2 Bg7 5. d3 d6 6. Be3 Nf6 7. h3 Rb8 8. f4 {[%emt 0:00:30] B26: Closed Sicilian: 3 g3, lines with early Be3} O-O (8... Nd4 9. Nce2 Nd7 10. c3 Nxe2 11. Nxe2 b5 12. Qd2 Bb7 13. O-O O-O 14. g4 e6 15. f5 exf5 16. gxf5 {½-½ (37) Li,R (2535)-Xiong,J (2641) Saint Louis 2016}) 9. Nf3 Nd7 10. f5 b5 11. Qd2 b4 12. Nd1 Nde5 13. O-O $146 ({Predecessor:} 13. Bh6 Nxf3+ 14. Bxf3 Nd4 15. O-O Bxh6 16. Qxh6 Nxc2 {½-½ (32) Pallesen,J (2067)-Kistrup,N (2029) Ballerup 2015}) 13... Ba6 14. Bh6 c4 15. Bxg7 Kxg7 16. Nxe5 dxe5 17. Ne3 Qd4 18. Kh2 (18. c3 $11 {keeps the balance.} bxc3 19. bxc3) 18... f6 19. h4 cxd3 20. Ng4 {[%emt 0:00:30] [#]} gxf5 $17 0-1

[Event "S. A. Group BAN-chT 2018"]
[Site "Dhaka"]
[Date "2018.12.13"]
[Round "8"]
[White "Mihir Lal, Das"]
[Black "Mohammad Fahad, Rahman"]
[Result "0-1"]
[ECO "A07"]
[WhiteElo "2010"]
[BlackElo "2381"]
[Annotator "ChessBase"]
[PlyCount "90"]
[EventDate "2018.12.07"]
[EventType "team-tourn"]
[EventCountry "BAN"]
[SourceTitle "playchess.com"]
[Source "ChessBase"]
[SourceQuality "1"]
[TimeControl "5400+30"]

1. Nf3 g6 2. g3 Bg7 3. Bg2 e5 4. d3 d5 5. O-O Nc6 6. c4 d4 7. e4 dxe3 8. fxe3 Nge7 9. Nc3 O-O 10. e4 Nd4 11. h3 c6 12. Kh2 Nxf3+ 13. Rxf3 Be6 14. Be3 Qd7 15. Qc2 b6 16. Rd1 f5 17. Bg5 h6 18. Bxe7 Qxe7 19. exf5 gxf5 20. Qe2 Rad8 21. Re3 Qc5 22. a3 Bf7 23. Rc1 Bg6 24. Qf3 e4 25. dxe4 fxe4 26. Qg4 Bf5 27. Qh5 Qxc4 28. Nxe4 Qf7 29. Qxf7+ Rxf7 30. Nc3 Rd6 31. Rc2 Bd4 32. Re8+ Kg7 33. Ne4 Rdd7 34. g4 Bg6 35. Ng3 c5 36. b3 Rf2 37. Rxf2 Bxf2 38. Re2 Bxg3+ 39. Kxg3 Rd3+ 40. Kf4 Kf6 41. Rb2 Bf7 42. b4 c4 43. a4 c3 44. Rb1 c2 45. Rc1 Bb3 0-1

[Event "S. A. Group BAN-chT 2018"]
[Site "Dhaka"]
[Date "2018.12.13"]
[Round "8"]
[White "Hamid, Rani"]
[Black "Hasan, Eunus"]
[Result "1/2-1/2"]
[ECO "B42"]
[WhiteElo "1932"]
[BlackElo "2154"]
[Annotator "NA"]
[PlyCount "38"]
[EventDate "2018.12.07"]
[EventType "team-tourn"]
[EventCountry "BAN"]
[SourceTitle "playchess.com"]
[Source "ChessBase"]
[SourceQuality "1"]
[TimeControl "5400+30"]

1. e4 c5 2. Nf3 e6 3. d4 cxd4 4. Nxd4 a6 5. Bd3 g6 6. O-O Bg7 7. Be3 Ne7 8. c4 d5 {[%emt 0:05:51] B42: Sicilian: Kan Variation: 5 Bd3} 9. exd5 $146 ({Predecessor:} 9. cxd5 exd5 10. Nc3 O-O 11. Re1 Nbc6 12. Nxc6 bxc6 13. Bc5 Be6 14. Rc1 Re8 15. Qa4 dxe4 16. Bxe4 {1-0 (34) Amonatov,F (2620)-Hasan,E (2155) Dhaka 2016}) 9... exd5 10. Nc3 O-O 11. Rc1 Nbc6 12. Nxc6 bxc6 13. Bc5 Be6 14. Qa4 Re8 15. Rfe1 dxc4 16. Bxc4 Nd5 17. Bxd5 Bxd5 18. Be3 Bxc3 19. bxc3 Re4 $11 1/2-1/2

[Event "S. A. Group BAN-chT 2018"]
[Site "Dhaka"]
[Date "2018.12.14"]
[Round "9"]
[White "Ahmed, Feroz"]
[Black "Mihir Lal, Das"]
[Result "*"]
[ECO "A10"]
[WhiteElo "1904"]
[BlackElo "2010"]
[Annotator "NA RC"]
[PlyCount "42"]
[EventDate "2018.12.07"]
[EventType "team-tourn"]
[EventCountry "BAN"]
[SourceTitle "playchess.com"]
[Source "ChessBase"]
[SourceQuality "1"]
[TimeControl "5400+30"]

1. c4 d5 2. cxd5 Nf6 3. e4 {[%emt 0:00:30] A10: English Opening: Unusual Replies for Black} c6 4. dxc6 (4. d4 cxd5 5. Nc3 Nc6 6. Nf3 Bg4 7. exd5 Nxd5 8. Qb3 Bxf3 9. gxf3 e6 10. Qxb7 Nxd4 11. Bb5+ Nxb5 12. Qc6+ Ke7 13. Qxb5 Qd7 14. Nxd5+ Qxd5 15. Qxd5 exd5 16. Bf4 Kf6 17. O-O-O Bc5 18. Rxd5 Bxf2 19. Kb1 Rhe8 20. a4 Re2 21. Rc1 Rae8 22. b4 h6 23. Rc6+ R8e6 24. b5 {½-½ (43) Sulskis,S (2582)-Dreev,A (2682) Tallinn 2004}) 4... Nxc6 5. Nc3 e5 6. Bb5 Bc5 7. Nf3 O-O 8. Bxc6 $146 ({Predecessor:} 8. O-O Nd4 9. Nxe5 Qd6 10. Nf3 Ng4 {0-1 (39) Claesen,P (2392)-Hovhannisyan,M (2294) Westerlo 2004}) 8... bxc6 9. Qa4 Qb6 10. Nd1 {[%emt 0:00:30] [#]} Ng4 $2 ({Black should play} 10... Ba6 $1 $19 11. Ne3 Rfe8) 11. Ne3 Nxe3 12. fxe3 f6 13. O-O Ba6 14. Rf2 Rfd8 15. b4 Be7 16. Qb3+ Kh8 17. Rb1 Bd3 18. Rb2 Bxe4 19. Ne1 {[%emt 0:00:30] [#]} a5 $1 20. bxa5 Qc5 21. Nc2 Rxa5 $19 *

[Event "S. A. Group BAN-chT 2018"]
[Site "Dhaka"]
[Date "2018.12.14"]
[Round "9"]
[White "Sourath Biswas"]
[Black "Jamal Uddin"]
[Result "*"]
[ECO "A14"]
[WhiteElo "1881"]
[BlackElo "2001"]
[Annotator "NA RC"]
[PlyCount "40"]
[EventDate "2018.12.07"]
[EventType "team-tourn"]
[EventCountry "BAN"]
[SourceTitle "playchess.com"]
[Source "ChessBase"]
[SourceQuality "1"]
[TimeControl "5400+30"]

1. c4 Nf6 2. g3 e6 3. Bg2 d5 4. Nf3 Be7 5. O-O O-O 6. b3 b6 7. Bb2 Bb7 8. d3 c5 9. Nbd2 Nbd7 10. a4 Qc7 11. Ne1 Rfd8 12. Qc2 $15 (12. a5 $11) 12... Rac8 13. Rc1 d4 14. Ne4 Nxe4 15. dxe4 Nf6 16. f3 e5 17. Nd3 Re8 18. e3 Rcd8 19. exd4 exd4 20. Rce1 Bd6 *